 Dungeon Crawl Stone Soup version 0.30-a0-250-g41c1d76940 (webtiles) character file.

Game seed: 12858075834010873701

66 brightshaft the Shield-Bearer (level 3, -3/30 HPs)
             Began as a Demigod Fighter on Oct 12, 2022.
             Slain by Sigmund
             ... wielding a +0 scythe
              (5 damage)
             ... on level 3 of the Dungeon.
             The game lasted 00:03:16 (1638 turns).

brightshaft the Shield-Bearer (Demigod Fighter)     Turns: 1638, Time: 00:03:18

Health: -3/30      AC:  5    Str: 17    XL:     3   Next: 69%
Magic:  5/5        EV:  9    Int: 10    God:
Gold:   107        SH:  5    Dex: 17    Spells: 2/2 levels left

rFire   . . .      SeeInvis .    h - +2 sling (vorpal)
rCold   . . .      Faith    .    c - +0 buckler
rNeg    . . .      Spirit   .    j - +0 ring mail
rPois   .          Reflect  .    (no helmet)
rElec   .          Harm     .    (no cloak)
rCorr   .          Rampage  .    (no gloves)
Will    +....                    (no boots)
Stlth   +.........               (no amulet)
HPRegen 0.25/turn                i - ring of willpower
MPRegen 0.09/turn                (no ring)

@: mighty
A: high MP 1, forlorn, divine attributes
a: no special abilities


You were on level 3 of the Dungeon.
You visited 1 branch of the dungeon, and saw 3 of its levels.

You collected 107 gold pieces.

Inventory:

Hand Weapons
 a - a +0 long sword
 h - a +2 vorpal sling (weapon)
Armour
 b - a +0 scale mail
 c - a +0 buckler (worn)
 j - a +0 ring mail (worn)
Jewellery
 i - a ring of willpower (left hand)
 r - a +6 ring of dexterity
Scrolls
 e - a scroll of magic mapping
 f - 2 scrolls of identify {@r1}
 l - 2 scrolls of summoning
 n - a scroll of fear
 p - a scroll of enchant armour {unknown}
 q - 3 scrolls of noise
 s - a scroll of amnesia {unknown}
Potions
 g - a potion of degeneration
 k - a potion of cancellation
 m - 2 potions of flight
 o - 2 potions of heal wounds {unknown}


   Skills:
 - Level 2.6 Fighting
 - Level 2.6 Long Blades
 * Level 2.6 Ranged Weapons
 - Level 2.6 Armour
 - Level 2.6 Shields


You had 2 spell levels left.
You didn't know any spells.
Your spell library contained the following spells:

 Spells                   Type           Power      Damage    Failure   Level
 Cigotuvi's Dreadful Rot  Necr/Pois/Air  0%         N/A       80%         2
 Poisonous Vapours        Pois/Air       0%         N/A       80%         2
 Mephitic Cloud           Conj/Pois/Air  0%         N/A       95%         3


Dungeon Overview and Level Annotations

Branches:
Dungeon (3/15)

Annotations:
D:3 Sigmund


Innate Abilities, Weirdness & Mutations

You have an increased reservoir of magic. (+10% MP)
You shall have no god before yourself.
Your divine heritage dramatically boosts your attributes as you level up.


Message History

You shoot a sling bullet.
Fire: h) +2 sling (vorpal)
Press: ? - help, Q - select action Shift-Dir - straight line You shoot a sling bullet.
Fire: h) +2 sling (vorpal)
Press: ? - help, Q - select action Shift-Dir - straight line You shoot a sling bullet.
Something hits you.
Fire: h) +2 sling (vorpal)
Press: ? - help, Q - select action Shift-Dir - straight line You shoot a sling bullet.
Something hits you.
Fire: h) +2 sling (vorpal)
Press: ? - help, Q - select action Shift-Dir - straight line You shoot a sling bullet.
Something hits you!
Fire: h) +2 sling (vorpal)
Press: ? - help, Q - select action Shift-Dir - straight line You shoot a sling bullet.
You block something's attack.
Fire: h) +2 sling (vorpal)
Press: ? - help, Q - select action Shift-Dir - straight line You shoot a sling bullet.
A magic dart appears from out of thin air!
The magic dart hits you.
Fire: h) +2 sling (vorpal)
Press: ? - help, Q - select action Shift-Dir - straight line You shoot a sling bullet.
You hear some strange, mumbled words.
A puff of flame appears from out of thin air!
The puff of flame hits you!
* * * LOW HITPOINT WARNING * * *
Something hits you!
* * * LOW HITPOINT WARNING * * *
You feel very mighty all of a sudden.
Fire: h) +2 sling (vorpal)
Press: ? - help, Q - select action Shift-Dir - straight line You shoot a sling bullet.
Something hits you.
You die...

...#...#..#
..........#
########### # #.#
#####.#### ##.......#
##.##.##)###########
...##.##...........#
......##########@..###
.###### #.......# .#
#.${....# ## #.......#
# ###...### # #../#
### ##.## ..# ..< #.#
>#.


There were no monsters in sight!

Vanquished Creatures
  An adder (D:2)
  2 worms (D:2)
  A dart slug (D:1)
  5 bats
  6 endoplasms
  3 giant cockroaches
  6 goblins
  A hobgoblin (D:3)
  2 jackals (D:2)
  2 kobolds
  2 quokkas
  4 ball pythons
  2 frilled lizards
  8 rats
45 creatures vanquished.

Notes
Turn   | Place    | Note
-------+----------+-------------------------------------------
     0 | D:1      | brightshaft the Demigod Fighter began the quest for the
                  | Orb.
     0 | D:1      | Reached XP level 1. HP: 18/18 MP: 3/3
   316 | D:1      | Reached XP level 2. HP: 25/25 MP: 4/4
   464 | D:1      | Reached skill level 1 in Ranged Weapons
   975 | D:2      | Reached XP level 3. HP: 30/30 MP: 5/5
  1624 | D:3      | Noticed Sigmund
  1636 | D:3      | HP: 1/30 [something (8)]
  1638 | D:3      | Slain by Sigmund

Illustrated notes

Levels and vault maps discovered:
D:1:      minmay_arrival_jagged, layout_basic, minmay_circled_x
D:2:      layout_rooms, minmay_misc_feat_columns, corexii_corridor_pit,
          chequers_jeans, st_stairs_7
D:3:      layout_loops_cross, lemuel_coloured_pillars_altar, uniq_sigmund,
          uniq_natasha

Skill      XL: |  1  2  3 |
---------------+----------+-----
Long Blades    | 2 |  2.6
Ranged Weapons | 1 2 |  2.6
Fighting       | |  2.6
Armour         | |  2.6
Shields        | |  2.6

Action                   || total
-------------------------++-------
Melee: Long sword        ||    28
 Fire: Sling             ||    98
  Use: Scroll            ||    10
       Potion            ||     1
Armor: Scale mail        ||    22
       Ring mail         ||    17
Dodge: Dodged            ||    32
Block: Buckler           ||    21

Table legend: (Time is in decaauts)
 A = Elapsed time spent in this place.
 B = Non-inter-level travel time spent in this place.
 C = Inter-level travel time spent in this place.
 D = Time resting spent in this place.
 E = Time spent auto-exploring this place.
 F = Levels seen in this place.
 G = Mean time per level.
                   A        B        C        D        E       F      G
               +--------+--------+--------+--------+--------+-----+--------+
         Total |   1690 |   1657 |     33 |      0 |   1302 |   3 |  563.3 |
       Dungeon |   1690 |   1657 |     33 |      0 |   1302 |   3 |  563.3 |
               +--------+--------+--------+--------+--------+-----+--------+

Top non-repeatable levels by time:
     D:1: 885 daAuts
     D:2: 493 daAuts
     D:3: 311 daAuts
